 Dungeon Crawl Stone Soup version 0.30-a0-845-g7c6808c8ce (webtiles) character file.

Game seed: 4503164354625146102

445 bande the Covered (level 7, -1/44 HPs)
             Began as a Gargoyle Fighter on Mar 2, 2023.
             Slain by a wight
             ... wielding a +1 great sword
              (9 damage)
             ... on level 3 of the Dungeon.
             The game lasted 00:02:31 (1702 turns).

bande the Covered (Gargoyle Fighter)                Turns: 1702, Time: 00:02:32

Health: -1/44      AC: 14    Str: 20    XL:     7   Next: 3%
Magic:  7/7        EV:  7    Int: 14    God:
Gold:   154        SH:  4    Dex: 11    Spells: 6/6 levels left

rFire   . . .      SeeInvis .    a - +0 war axe
rCold   . . .      Faith    .    c - +0 buckler
rNeg    + . .      Spirit   .    p - +0 chain mail
rPois   ∞          Reflect  .    (no helmet)
rElec   +          Rampage  .    (no cloak)
rCorr   .                        (no gloves)
Will    .....                    (no boots) Stlth
                                 (no amulet)
HPRegen 0.27/turn                h - +6 ring of intelligence
MPRegen 0.10/turn                (no ring)

@: no status effects
A: sickness immunity, AC +4, negative energy resistance 1, electricity
resistance, torment resistance 1, petrification resistance
a: no special abilities


You were on level 3 of the Dungeon.
You visited 1 branch of the dungeon, and saw 3 of its levels.

You collected 154 gold pieces.

Inventory:

Hand Weapons
 a - a +0 war axe (weapon)
Armour
 c - a +0 buckler (worn)
 p - a +0 chain mail (worn)
Jewellery
 h - a +6 ring of intelligence (left hand)
 r - an amulet of the acrobat
Wands
 u - a wand of digging (4)
Scrolls
 b - a scroll of amnesia {unknown}
 f - 3 scrolls of identify {unknown}
 g - a scroll of brand weapon {unknown}
 j - a scroll of immolation {unknown}
 k - 2 scrolls of enchant armour {unknown}
 m - a scroll of fog {unknown}
 n - a scroll of blinking {unknown}
 o - a scroll of enchant weapon {unknown}
 t - 2 scrolls of teleportation {unknown}
Potions
 d - a potion of might
 e - a potion of haste
 i - a potion of lignification {unknown}
 l - 2 potions of ambrosia {unknown}
 q - a potion of brilliance {unknown}
 s - 2 potions of curing {unknown}
 v - a potion of attraction {unknown}
 w - a potion of heal wounds {unknown}
 x - a potion of mutation {unknown}


   Skills:
 + Level 4.3 Fighting
 + Level 4.9 Axes
 + Level 4.9 Armour
 + Level 4.2 Shields


You had 6 spell levels left.
You didn't know any spells.
Your spell library contained the following spells:

 Spells                   Type           Power      Damage    Failure   Level
 Kiss of Death            Conj/Necr      0%         2d5       98%         1
 Sting                    Tmut/Pois      0%         1d3       98%         1
 Confusing Touch          Hex            0%         N/A       100%        3
 Ignite Poison            Fire/Tmut/Pois 0%         N/A       100%        3
 Swiftness                Air            0%         N/A       100%        3
 Dispel Undead            Necr           0%         3d6       100%        4
 Death Channel            Necr           0%         N/A       100%        6
 Cigotuvi's Dreadful Rot  Necr/Pois/Air  Unusable   N/A       N/A         2

Dungeon Overview and Level Annotations

Branches:
Dungeon (3/15)

Altars:

Shops:
D:3 ?


Innate Abilities, Weirdness & Mutations

You are immune to sickness and miasma.
Your stone body is resilient. (AC +4)
You are immune to poison.
You resist negative energy. (rN+)
You are resistant to electric shocks. (rElec)
You are resistant to unholy torment.
You are immune to petrification.


Message History

Your extra speed is starting to run out.
You start resting.
You feel yourself slow down.
You start resting.
HP restored.
You start waiting.
Done waiting.
A wight comes into view. It is wielding a +1 great sword.
Items here: )) [[.
The wight hits you with a +1 great sword.
You hit the wight but do no damage.
The wight hits you with a +1 great sword!
You barely miss the wight.
The wight hits you with a +1 great sword!
You block the wight's attack.
You hit the wight.
The wight is lightly damaged.
You block the wight's attack.
You closely miss the wight.
The wight is lightly damaged.
The wight hits you with a +1 great sword!
You are too injured to fight recklessly!
You are too injured to fight recklessly!
You are too injured to fight recklessly!
You are too injured to fight recklessly!
You are too injured to fight recklessly!
You are too injured to fight recklessly!
You are too injured to fight recklessly!
You closely miss the wight.
The wight is lightly damaged.
You block the wight's attack.
The wight hits you with a +1 great sword!
* * * LOW HITPOINT WARNING * * *
You closely miss the wight.
The wight is lightly damaged.
The wight barely misses you.
You hit the wight but do no damage.
The wight is lightly damaged.
The wight hits you with a +1 great sword!
You die...

.####### ...
#.....# ##### ##
# #######+####
#........
#........
#...$....
##........
#####)........
##....).....#
###..####@...##
.####
###....###.z..##
.....
#.....#....#.##
...##
#.........####
.....
#......#.## .#..
#...#.#### ##.
#..#### ##
#...#.#### ####.
#......#.##
##.#..


You could see a wight.

Vanquished Creatures
  Sigmund (D:2)
  3 wights (D:3)
  Jessica (D:3)
  Ijyb (D:3)
  3 adders (D:2)
  2 dart slugs
  4 ball pythons
  5 endoplasms
  2 giant cockroaches
  11 goblins
  4 hobgoblins
  2 quokkas
  A frilled lizard (D:1)
  5 kobolds
  11 rats
56 creatures vanquished.

Notes
Turn   | Place    | Note
-------+----------+-------------------------------------------
     0 | D:1      | bande the Gargoyle Fighter began the quest for the Orb.
     0 | D:1      | Reached XP level 1. HP: 14/14 MP: 1/1
    69 | D:1      | Reached XP level 2. HP: 19/19 MP: 2/2
   433 | D:2      | Reached XP level 3. HP: 23/23 MP: 3/3
   460 | D:2      | Got the Commentary on Repulsive Astrapomancy
   754 | D:2      | Reached XP level 4. HP: 29/29 MP: 4/4
   793 | D:2      | Noticed Sigmund
   801 | D:2      | Killed Sigmund
   802 | D:2      | Reached XP level 5. HP: 28/33 MP: 5/5
   802 | D:2      | Reached XP level 6. HP: 33/38 MP: 6/6
   994 | D:3      | Found a faded altar of an unknown god.
  1000 | D:3      | Noticed Jessica
  1008 | D:3      | Killed Jessica
  1088 | D:3      | Noticed Ijyb
  1114 | D:3      | Killed Ijyb
  1245 | D:3      | Found Betoyb's Magic Scroll Boutique.
  1449 | D:3      | Reached XP level 7. HP: 9/44 MP: 7/7
  1702 | D:3      | Slain by a wight

Illustrated notes

Levels and vault maps discovered:
D:1:      onia_arrival_handbag, layout_rooms
D:2:      layout_rooms, uniq_sigmund
D:3:      kennysheep_the_goblin_king, layout_basic, grunt_qazlal_clouds,
          ebering_ecumenical_altar_sacrificial, serial_shops,
          nicolae_shop_window_shopping, nicolae_figureground_pulse, uniq_jessica

Skill      XL: |  1  2  3  4 |
---------------+-------------+-----
Axes           | 2 4 |  4.9
Fighting       | 4 |  4.3
Armour         | 4 |  4.9
Shields        | 4 |  4.2

Action                     |  1- 3 |  4- 6 |  7- 9 || total
---------------------------+-------+-------+-------++-------
  Melee: War axe           |    99 |    58 |     7 ||   164
    Use: Potion            |       |     1 |       ||     1
 Armour: Scale mail        |    37 |       |       ||    37
         Chain mail        |    10 |    50 |       ||    60
  Dodge: Dodged            |    55 |    18 |     1 ||    74
  Block: Buckler           |    28 |    12 |     3 ||    43

Table legend: (Time is in decaauts)
 A = Elapsed time spent in this place.
 B = Non-inter-level travel time spent in this place.
 C = Inter-level travel time spent in this place.
 D = Time resting spent in this place.
 E = Time spent auto-exploring this place.
 F = Levels seen in this place.
 G = Mean time per level.
                   A        B        C        D        E       F      G
               +--------+--------+--------+--------+--------+-----+--------+
         Total |   1746 |   1724 |     22 |    227 |   1072 |   3 |  582.0 |
       Dungeon |   1746 |   1724 |     22 |    227 |   1072 |   3 |  582.0 |
               +--------+--------+--------+--------+--------+-----+--------+

Top non-repeatable levels by time:
     D:3: 768 daAuts
     D:2: 538 daAuts
     D:1: 440 daAuts
